 Dungeon Crawl Stone Soup version 0.31-a0-188-g5e087ee2ca (webtiles) character file.

Game seed: 2141766986337089289

176 qw the Skirmisher (level 5, -1/29 HPs)
             Began as a Deep Elf Hunter on June 23, 2023.
             Killed from afar by Blork the orc (7 damage)
             ... with a puff of flame
             ... on level 4 of the Dungeon.
             The game lasted 00:01:03 (2229 turns).

qw the Skirmisher (Deep Elf Hunter)                 Turns: 2229, Time: 00:01:04

Health: -1/29      AC:  7    Str: 10    XL:     5   Next: 30%
Magic:  7/7        EV: 11    Int: 14    God:
Gold:   95         SH:  0    Dex: 18    Spells: 4/4 levels left

rFire   . . .        Y - +1 shortbow
rCold   . . .        (shield currently unavailable)
rNeg    . . .        f - +0 ring mail
rPois   +            (no helmet)
rElec   .            l - +0 cloak
rCorr   .            (no gloves)
SInv    .            j - +0 pair of boots
Will    .....        (no amulet)
Stlth   +            a - ring of poison resistance
HPRegen 0.24/turn    (no ring)
MPRegen 0.10/turn

%: no passive effects
@: no status effects
A: no striking features
a: no special abilities


You were on level 4 of the Dungeon.
You visited 1 branch of the dungeon, and saw 4 of its levels.

You collected 95 gold pieces.


   Skills:
 - Level 1.5 Fighting
 + Level 8.8 Ranged Weapons
 - Level 2.4 Dodging
 - Level 1.2 Stealth


You had 4 spell levels left.
You didn't know any spells.
Your spell library was empty.

Inventory:

Hand Weapons
 Y - a +1 shortbow (weapon)
Armour
 f - a +0 ring mail (worn)
 j - a +0 pair of boots (worn)
 l - a +0 cloak (worn)
Jewellery
 a - a ring of poison resistance (left hand)
 h - a ring of poison resistance
Scrolls
 e - a scroll of identify
Potions
 b - a potion of brilliance {unknown}
 c - a potion of heal wounds {unknown}
 d - a potion of invisibility {unknown}
 g - a potion of might {unknown}
 i - a potion of curing

Dungeon Overview and Level Annotations

Branches:
Dungeon (4/15)
 Temple: D:4-7

Altars:
Hepliaklqana

Annotations:
D:4 Blork the orc


Message History

Blork the orc is lightly wounded.
An adder comes into view.
You shoot an arrow. The adder hisses angrily.
The arrow hits the adder.
The adder is lightly wounded.
Blork the orc gestures wildly while chanting.
Blork the orc seems to speed up.
You shoot an arrow. The arrow barely misses the adder.
The arrow hits Blork the orc.
Blork the orc is moderately wounded.
You shoot an arrow. The arrow closely misses the adder.
The arrow barely misses Blork the orc.
The adder bites you but does no damage. The adder closely misses you.
You shoot an arrow. The arrow hits Blork the orc.
Blork the orc is moderately wounded.
Blork the orc gestures at you while chanting.
The magic dart hits you. The adder barely misses you.
Blork the orc hits you with a +0 mace!
You shoot an arrow. The arrow hits Blork the orc.
Blork the orc is moderately wounded.
The adder bites you.
Blork the orc zaps a wand.
The puff of flame misses you. The adder barely misses you.
You shoot an arrow. The arrow hits Blork the orc!
Blork the orc is heavily wounded.
Blork the orc zaps a wand.
The puff of flame misses you. The adder closely misses you.
Blork the orc barely misses you.
You shoot an arrow. The arrow barely misses Blork the orc.
The adder bites you but does no damage. Blork the orc closely misses you.
The adder bites you but does no damage.
You shoot an arrow. The arrow hits Blork the orc.
Blork the orc is severely wounded.
Blork the orc looks braver for a moment.
Blork the orc hits you with a +0 mace. The adder closely misses you.
You shoot an arrow. The arrow hits Blork the orc.
Blork the orc is severely wounded.
Blork the orc zaps a wand.
The puff of flame hits you. The adder bites you but does no damage.
Blork the orc zaps a wand.
The puff of flame hits you!
You die...

..##...##
......[
...... ...
..... ....
#...##.....#
#...##.....#
#.oS##.....#
#..@.......#
#..........#
#..........#
#...>......#
#..........#
#...##.....#
#.[.##.%...#
#...#......#
#...#......#


You could see Blork the orc (fast) and an adder.

Vanquished Creatures
  An orc priest (D:4)
  6 adders
  3 worms (D:2)
  A dart slug (D:1)
  6 orcs
  6 ball pythons
  8 endoplasms
  4 giant cockroaches
  8 goblins
  3 hobgoblins
  3 jackals (D:1)
  3 quokkas
  6 bats
  A frilled lizard (D:1)
  9 kobolds
  10 rats
  A spectral kobold (D:3)
79 creatures vanquished.

Notes
Turn   | Place    | Note
-------+----------+-------------------------------------------
     0 | D:1      | qw the Deep Elf Hunter began the quest for the Orb.
     0 | D:1      | Reached XP level 1. HP: 12/12 MP: 3/3
     0 | D:1      | 0 ||| qw: Version: 0.3-a-9-g12657ce
     0 | D:1      | 0 ||| qw: Game counter: 4359
     0 | D:1      | 0 ||| qw: Always use a shield: true
     0 | D:1      | 0 ||| qw: God list: Okawaru
     0 | D:1      | 0 ||| qw: Allow faded altars: false
     0 | D:1      | 0 ||| qw: Do Orc after D:15 true
     0 | D:1      | 0 ||| qw: Do second Lair branch before Depths: true
     0 | D:1      | 0 ||| qw: Lair rune preference: random
     0 | D:1      | 0 ||| qw: Plans: Normal
     0 | D:1      | 0 ||| PLANNING D:1-11
    48 | D:1      | Reached XP level 2. HP: 16/16 MP: 4/4
    51 | D:1      | Reached skill level 6 in Ranged Weapons
    85 | D:1      | 85 ||| Stepping ~*~*~tactically~*~*~ (water).
   141 | D:1      | 141 ||| DROPPING scroll of butterflies.
   193 | D:1      | Reached XP level 3. HP: 20/20 MP: 5/5
   423 | D:1      | 423 ||| UPGRADING to +0 ring mail.
   433 | D:1      | 433 ||| DROPPING +0 leather armour.
   434 | D:1      | 434 ||| READING scroll labelled LOGOINL ARANI.
   435 | D:1      | 435 ||| READING scroll labelled TABU CUN DUAPP.
   436 | D:1      | 436 ||| DRINKING 2 sedimented green potions.
   437 | D:1      | 437 ||| DRINKING 2 sedimented cyan potions.
   438 | D:1      | 438 ||| DROPPING potion of attraction.
   503 | D:2      | Reached skill level 7 in Ranged Weapons
   665 | D:2      | Reached XP level 4. HP: 12/25 MP: 6/6
  1325 | D:2      | 1325 ||| UPGRADING to ring of poison resistance.
  1326 | D:2      | 1326 ||| READING 2 scrolls labelled NELEZX WUJAI.
  1327 | D:2      | 1327 ||| READING scroll labelled CEIXTE VAGEOWK.
  1328 | D:2      | 1328 ||| DROPPING scroll of revelation.
  1474 | D:3      | Reached skill level 8 in Ranged Weapons
  1564 | D:3      | Found a faded altar of an unknown god.
  1611 | D:3      | Found a hazy altar of Hepliaklqana.
  1960 | D:3      | 1960 ||| UPGRADING to +0 pair of boots.
  1965 | D:3      | 1965 ||| UPGRADING to +0 cloak.
  1970 | D:3      | 1970 ||| READING scroll labelled ONIOKEIMAE.
  1971 | D:3      | 1971 ||| READING scroll labelled WOORAOGREMM.
  1987 | D:4      | Reached XP level 5. HP: 29/29 MP: 7/7
  1990 | D:4      | 1990 ||| FLEEEEING.
  1991 | D:4      | 1991 ||| FLEEEEING.
  1993 | D:4      | 1993 ||| FLEEEEING.
  1994 | D:4      | 1994 ||| STAIRDANCE
  2053 | D:4      | 2053 ||| STAIRDANCE
  2219 | D:4      | Noticed Blork the orc
  2229 | D:4      | HP: 6/29 [Blork the orc/puff of flame (5)]
  2229 | D:4      | Killed from afar by Blork the orc

Levels and vault maps discovered:
D:1:      wander_arrival_abandoned_jail, layout_rooms, serial_bayou_ford_a
D:2:      layout_basic, nicolae_figureground_sparkle
D:3:      layout_loops_ring, nicolae_hepliaklqana_monster_ancestors,
          hellmonk_ecumenical_altar_blasted
D:4:      layout_gridville, palyth_stone_intersect,
          chequers_serial_rivers_room_a, uniq_ijyb, uniq_blork_the_orc,
          uniq_menkaure

Skill      XL: |  1  2  3  4 |
---------------+-------------+-----
Ranged Weapons | 6 7 8 |  8.8
Fighting       | |  1.5
Dodging        | |  2.4
Stealth        | |  1.2

Action                     |  1- 3 |  4- 6 || total
---------------------------+-------+-------++-------
   Fire: Shortbow          |   106 |   121 ||   227
    Use: Scroll            |     2 |     4 ||     6
         Potion            |     2 |       ||     2
 Armour: Leather armour    |     9 |       ||     9
         Ring mail         |     6 |    16 ||    22
  Dodge: Dodged            |    21 |    21 ||    42

Table legend:
 A = Non-vault XP
 B = Vault XP
 C = Vault XP percentage of total XP
 D = Non-vault monster count
 E = Vault monster count
 F = Vault count percentage of total count
                 A         B        C        D         E       F
            +---------+---------+-------+---------+---------+-------
      Total |     250 |       2 |   0.8 |      77 |       2 |   2.5
            +---------+---------+-------+---------+---------+-------
        D:1 |      47 |       0 |   0.0 |      27 |       0 |   0.0
        D:2 |      78 |       0 |   0.0 |      22 |       0 |   0.0
        D:3 |      67 |       2 |   2.9 |      20 |       2 |   9.1
        D:4 |      58 |       0 |   0.0 |       8 |       0 |   0.0
            +---------+---------+-------+---------+---------+-------
